 Dungeon Crawl Stone Soup version 0.27-a0-1502-g47ed6a6988 (webtiles) character file.

Game seed: 5788083327295275021

2233 Spaninq the Cleaver (level 9, -1/177 HPs)
             Began as a Hill Orc Berserker on July 9, 2021.
             Was a Priest of Trog.
             Slain by an orc warrior (10 damage)
             ... in a bailey.
             The game lasted 00:20:08 (7110 turns).

Spaninq the Cleaver (Hill Orc Berserker)            Turns: 7110, Time: 00:20:09

Health: -1/177     AC: 24    Str: 23    XL:     9   Next: 36%
Magic:  9/9        EV:  2    Int:  7    God:    Trog [***...]
Gold:   358        SH:  5    Dex: 10    Spells: 8/8 levels left

rFire    . . .     SeeInvis +   a - +1 hand axe (flame)
rCold    . . .     Faith    .   o - +0 buckler
rNeg     + + +     Spirit   .   (armour currently unavailable)
rPois    +         Reflect  .   (helmet currently unavailable)
rElec    .         Harm     .   (cloak currently unavailable)
rCorr    .         Rampage  .   (gloves currently unavailable)
Will     +++..     NoTele   +   (boots currently unavailable)
Stlth    ..........             (no amulet)
HPRegen  1.39/turn              l - ring of willpower
MPRegen  0.11/turn              u - ring of see invisible

@: berserking, tree-form, strong-willed, regenerating, studying Unarmed Combat,
very quick
A: stationary, stasis, torment immunity, boosted hp
a: Renounce Religion, Berserk, Trog's Hand


You were in a bailey.
You worshipped Trog.
Trog was most pleased with you.
You were a tree.
You visited 1 branch of the dungeon, and saw 7 of its levels.
You also visited: Bailey.

You collected 358 gold pieces.

Inventory:

Hand Weapons
 a - a +1 hand axe of flaming (weapon)
Armour
 d - a +0 chain mail (melded)
 k - a +2 cloak of willpower (melded)
 o - a +0 buckler (worn)
 x - the +1 pair of gloves "Osharann" (melded) {rElec rN+ Str+4}
   (You acquired it on level 6 of the Dungeon)

   Str:       It affects your strength (+4).
   rElec:     It insulates you from electricity.
   rN:        It protects you from negative energy.
Jewellery
 l - a ring of willpower (left branch)
 u - a ring of see invisible (right branch)
 v - a ring of protection from cold
 B - an amulet of faith
Wands
 g - a wand of iceblast (8)
 j - a wand of polymorph (5)
 A - a wand of mindburst (16)
Scrolls
 f - a scroll of identify
 m - 2 scrolls of blinking
 p - 2 scrolls of enchant weapon
 y - a scroll of teleportation
 z - a scroll of vulnerability {unknown}
Potions
 e - 2 potions of curing
 h - a potion of haste
 i - a potion of cancellation {unknown}
 n - a potion of brilliance {unknown}
 q - a potion of mutation {unknown}
 s - a potion of invisibility {unknown}
 t - a potion of ambrosia {unknown}
 w - a potion of magic {unknown}


   Skills:
 + Level 7.6 Fighting
 * Level 11.0 Axes
 + Level 6.4 Armour
 - Level 1.5 Dodging
 + Level 5.0 Shields


You had 8 spell levels left.
You didn't know any spells.
Your spell library was empty.

Dungeon Overview and Level Annotations

Branches:
Dungeon (7/15)             Temple (0/1) D:5          Bailey (1/1)

Altars:
Hepliaklqana
Zin

Shops:
D:3 *   D:4 [=


Message History

The orc warrior hits you but does no damage.
The orc warrior hits you with a +0 glaive!!
You hit the orc warrior but do no damage.
The orc warrior is moderately wounded.
You barely miss the orc warrior.
The orc warrior hits you with a +0 glaive!
You barely miss the orc warrior.
The orc warrior is moderately wounded.
You hit the orc warrior but do no damage.
The orc warrior hits you with a +0 glaive!
The orc warrior barely misses you.
You hit the orc warrior but do no damage.
The orc warrior is moderately wounded.
You hit the orc warrior. You burn the orc warrior.
The orc warrior hits you with a +0 glaive!
* * * LOW HITPOINT WARNING * * *
Really quaff the potion of lignification?
You turn into a tree.
Your +2 cloak of willpower melds into your body.
The +1 pair of gloves "Osharann" {rElec rN+ Str+4} melds into your body.
Your +0 chain mail melds into your body.
You feel less strong-willed.
Your roots penetrate the ground.
You block the orc warrior's attack.
The orc warrior hits you with a +0 glaive.
* * * LOW HITPOINT WARNING * * *
You hit the orc warrior. You burn the orc warrior.
The orc warrior is heavily wounded.
You hit the orc warrior. You burn the orc warrior.
The orc warrior hits you but does no damage.
You block the orc warrior's attack.
Your skin crawls.
You feel strong-willed.
The orc warrior hits you with a +0 glaive!
* * * LOW HITPOINT WARNING * * *
The orc warrior hits you with a +0 glaive!
* * * LOW HITPOINT WARNING * * *
A red film seems to cover your vision as you go berserk!
You feel yourself moving faster!
You feel mighty!
The orc warrior hits you with a +0 glaive!
You die...

########+++#########
...................##
.....)..........)...##
...).⌠#######⌠.o♣....#
).#####.....#####o...≈#
.##....≈≈≈≈≈....##...≈#
.#.⌠.≈≈≈...≈≈≈.⌠.#...≈#
.#..≈≈..≈)≈.)≈≈..# ..≈#
⌠#.≈≈.≈≈≈.≈≈≈.≈≈.# ..≈#
##.≈.≈≈..)..≈≈.≈.## .≈#
#.≈≈.≈.≈≈≈≈≈.≈.≈≈.# .≈#
#.≈.≈≈.≈...≈)≈≈.≈.#


You could see 2 orc warriors.

Vanquished Creatures
  Menkaure (D:4)
  2 water moccasins (D:5)
  3 orc warriors
  A sky beast (D:5)
  A black bear (D:6)
  2 centaurs (Bailey)
  An ogre (D:6)
  A necrophage (D:7)
  A phantom (D:5)
  2 scorpions
  3 killer bees (D:7)
  An oklob sapling (D:5)
  4 wights
  A bullfrog zombie (D:5)
  A bullfrog skeleton (D:3)
  A jelly (D:4)
  A gnoll shaman (D:5)
  An orc priest (D:4)
  A centaur skeleton (D:7)
  5 hounds
  Crazy Yiuf (D:2)
  4 iguanas
  A scorpion zombie (D:5)
  2 orc wizards (D:7)
  4 adders
  An ufetubus (D:6)
  An adder skeleton (D:4)
  2 worms (D:2)
  2 dart slugs
  26 orcs
  7 ball pythons
  7 endoplasms
  2 giant cockroaches
  2 goblins (D:4)
  2 hobgoblins
  7 jackals
  4 quokkas
  4 bats
  3 frilled lizards (D:1)
  2 kobolds (D:2)
  4 rats
122 creatures vanquished.

Vanquished Creatures (others)
  2 orcs (Bailey)
  A fungus (D:2)
  7 plants (D:5)
10 creatures vanquished.

Grand Total: 132 creatures vanquished

Notes
Turn   | Place    | Note
-------+----------+-------------------------------------------
     0 | D:1      | Spaninq the Hill Orc Berserker began the quest for the Orb.
     0 | D:1      | Reached XP level 1. HP: 19/19 MP: 1/1
   261 | D:1      | Reached XP level 2. HP: 14/27 MP: 2/2
  1119 | D:2      | Reached XP level 3. HP: 22/33 MP: 3/3
  1374 | D:2      | Found a hazy altar of Hepliaklqana.
  1497 | D:2      | Found a faded altar of an unknown god.
  1748 | D:2      | Found a runed translucent door.
  1749 | D:2      | Noticed Crazy Yiuf
  1760 | D:2      | Killed Crazy Yiuf
  1761 | D:2      | Reached skill level 5 in Axes
  1761 | D:2      | Reached XP level 4. HP: 40/40 MP: 4/4
  1985 | D:2      | Reached ** piety under Trog
  2170 | D:3      | Found Kuheol's General Store.
  2459 | D:3      | Reached skill level 6 in Axes
  2459 | D:3      | Reached XP level 5. HP: 24/47 MP: 5/5
  3274 | D:4      | Found Kiykley's Antique Armour Emporium.
  3307 | D:4      | Reached XP level 6. HP: 54/55 MP: 6/6
  3335 | D:4      | Reached skill level 5 in Fighting
  3473 | D:4      | Found Rijuaj's Jewellery Boutique.
  3479 | D:4      | Noticed Menkaure
  3488 | D:4      | Killed Menkaure
  3489 | D:4      | Reached skill level 7 in Axes
  3489 | D:4      | Reached skill level 1 in Shields
  3805 | D:5      | Entered Level 5 of the Dungeon
  3810 | D:5      | Found a staircase to the Ecumenical Temple.
  3827 | D:5      | Reached XP level 7. HP: 47/61 MP: 7/7
  4106 | D:5      | Reached skill level 8 in Axes
  4339 | D:5      | Reached skill level 5 in Armour
  4339 | D:5      | Reached XP level 8. HP: 42/70 MP: 8/8
  4510 | D:5      | Reached skill level 9 in Axes
  5212 | D:6      | Found a glowing silver altar of Zin.
  5537 | D:6      | Identified a scroll of acquirement
  5537 | D:6      | Acquired the +1 pair of gloves "Osharann" {rElec rN+ Str+4}
  6102 | D:7      | Reached skill level 10 in Axes
  6141 | D:7      | Reached *** piety under Trog
  6146 | D:7      | Reached XP level 9. HP: 76/79 MP: 9/9
  6357 | D:7      | Found a flagged portal.
  6376 | Bailey   | Entered a bailey
  6420 | Bailey   | HP: 2/79 [orc (9)]
  6432 | Bailey   | HP: 5/118 [centaur (5)]
  6437 | Bailey   | HP: 2/118 [orc (4)]
  6875 | Bailey   | Reached skill level 11 in Axes
  6875 | Bailey   | Reached skill level 5 in Shields
  7109 | Bailey   | HP: 5/118 [orc warrior (10)]
  7110 | Bailey   | Slain by an orc warrior

Illustrated notes

Levels and vault maps discovered:
D:1:      amcnicky_arrival_gap_in_the_tavern_cellar, layout_basic,
          bh_walls_and_bars
D:2:      layout_loops_cross, shapermc_ecumenical_altar_acropolis, basic_altar,
          kennysheep_generic_room_16, uniq_crazy_yiuf_cottage
D:3:      layout_basic, serial_shops, nicolae_shop_waterfront
D:4:      layout_cave_pools, serial_shops, shop, shop, uniq_menkaure
D:5:      layout_basic, minmay_temple_entry_oklob, minmay_circle_x
D:6:      layout_gridville, nicolae_overflow_crystal_walls
D:7:      layout_basic, enter_bailey_2, uniq_harold
Bailey:   bailey_polearm_flooded_kennysheep, bailey

Skill      XL: |  1  2  3  4  5  6  7  8  9 |
---------------+----------------------------+-----
Fighting       | 4 5 6 7 |  7.6
Axes           | 5 6 7 8 10 11 | 11.0
Armour         | 3 4 5 6 |  6.4
Shields        | 1 3 4 5 |  5.0
Dodging        | |  1.5

Action                   |  1- 3 |  4- 6 |  7- 9 || total
-------------------------+-------+-------+-------++-------
Melee: Hand axe          |    82 |   154 |   298 ||   534
Invok: Berserk           |       |     1 |     5 ||     6
       Trog's Hand       |       |     1 |     3 ||     4
  Use: Scroll            |       |    11 |     6 ||    17
       Potion            |       |       |     7 ||     7
Armor: Animal skin       |    14 |       |       ||    14
       Scale mail        |    13 |    69 |   102 ||   184
       Skin              |     3 |       |     1 ||     4
       Chain mail        |       |       |     6 ||     6
Dodge: Dodged            |    28 |    75 |   142 ||   245
Block: Buckler           |       |     3 |    59 ||    62

Table legend: (Time is in decaauts)
 A = Elapsed time spent in this place.
 B = Non-inter-level travel time spent in this place.
 C = Inter-level travel time spent in this place.
 D = Time resting spent in this place.
 E = Time spent auto-exploring this place.
 F = Levels seen in this place.
 G = Mean time per level.
                   A        B        C        D        E       F      G
               +--------+--------+--------+--------+--------+-----+--------+
         Total |   7107 |   6841 |    266 |   1032 |   4380 |   8 |  888.4 |
       Dungeon |   6393 |   6127 |    266 |    828 |   4044 |   7 |  913.3 |
        Bailey |    713 |    713 |      0 |    204 |    336 |   1 |  713.0 |
               +--------+--------+--------+--------+--------+-----+--------+

Top non-repeatable levels by time:
     D:6: 1135 daAuts
     D:5: 1113 daAuts
     D:2: 1095 daAuts
     D:1: 1081 daAuts
     D:3: 932 daAuts
  Bailey: 713 daAuts
     D:4: 709 daAuts
     D:7: 323 daAuts
